 Dungeon Crawl Stone Soup version 0.24.0-37-gcf1ca852f1 (webtiles) character file.

Game seed: 4086130566131959557, levelgen mode: deterministic

27 Delarado the Ruffian (level 3, 26/26 HPs)
             Began as an Octopode Fighter on Dec 6, 2019.
             Was a Follower of Kikubaaqudgha.
             Quit the game on level 2 of the Dungeon.
             The game lasted 00:01:57 (852 turns).

Delarado the Ruffian (Octopode Fighter)              Turns: 852, Time: 00:01:58

Health: 26/26      AC:  1    Str: 16    XL:     3   Next: 10%
Magic:  3/3        EV: 11    Int: 10    God:    Kikubaaqudgha [*.....]
Gold:   30         SH:  9    Dex: 11    Spells: 2/2 levels left

rFire    . . .     SeeInvis .     - Unarmed
rCold    . . .     Gourm    .   a - +1 shield
rNeg     . . .     Faith    .   (helmet restricted)
rPois    .         Spirit   .   (no amulet)
rElec    .         Reflect  .   (no ring)
rCorr    .         Harm     .   (no ring)
MR       .....                  (no ring)
Stlth    ++........             (no ring)
HPRegen  0.08/turn              (no ring)
MPRegen  0.08/turn              (no ring)
                                (no ring)
                                (no ring)

@: no status effects
A: almost no armour, stealthy swim, amphibious, 8 rings, constrict 8, camouflage
1, gelatinous body 1
a: Receive Corpses, Renounce Religion


You were on level 2 of the Dungeon.
You worshipped Kikubaaqudgha.
Kikubaaqudgha was aware of your devotion.
You were not hungry.

You visited 1 branch of the dungeon, and saw 2 of its levels.

You collected 30 gold pieces.

Inventory:

Missiles
 d - 124 stones (quivered)
Armour
 a - a +1 shield (worn)
Potions
 b - 2 potions of might
 h - a potion of heal wounds {unknown}
 i - a potion of mutation {unknown}
Comestibles
 c - 4 rations
 f - 2 chunks of flesh


   Skills:
 - Level 3.0 Fighting
 - Level 3.0 Dodging
 - Level 3.0 Shields
 + Level 3.5 Unarmed Combat


You had 2 spell levels left.
You didn't know any spells.
Your spell library contained the following spells:

 Spells                   Type           Power        Failure   Level  Hunger
 Animate Skeleton         Necr           N/A          87%         1    ##.....
 Pain                     Necr           #...         87%         1    ##.....
 Sublimation of Blood     Necr           #.........   95%         2    ###....
 Regeneration             Chrm/Necr      #.........   99%         3    ####...


Dungeon Overview and Level Annotations

Branches:
Dungeon (2/15)

Altars:
Kikubaaqudgha


Innate Abilities, Weirdness & Mutations

You cannot wear most types of armour.
You are very stealthy in the water. (Stealth+)
You are amphibious.
You can wear up to eight rings at the same time.
You can use your tentacles to constrict eight enemies at once.
Your skin changes colour to match your surroundings (Stealth+).
Your rubbery body absorbs attacks. (AC +1, EV +1)


Message History

You feel blessed for a moment.
It was a scroll of remove curse.
Done exploring.
Some of the chunks of flesh in your inventory have rotted away.
There is a stone staircase leading down here.
You climb downwards.
Found a scroll labeled GOAPPUIVVE.
Found a faded altar of an unknown god.
There is a stone staircase leading up here.
A rat comes into view.
There is a faded altar of an unknown god here.
You cannot tell which god this altar belongs to.
Convert to them anyway?
Kikubaaqudgha accepts your prayer! Kikubaaqudgha welcomes you!
You can now receive cadavers from Kikubaaqudgha.
You see here Kikubaaqudgha's Papyrus of Darkness.
Kikubaaqudgha grants you a gift!
You pick up Kikubaaqudgha's Papyrus of Darkness and begin reading...
You add the spells Animate Skeleton, Pain, Sublimation of Blood and Regeneration to your library.
Quiver which item? (- for none, * to show all) (? for menu, Esc to quit)
Okay, then.
Are you sure you want to abandon this character and quit the game? (Confirm with "yes".)

### ###<#
#######...#
#.........#
#....♣....#
#...♣.♣...# #.
♣._.♣..#
......♣@♣......
####...♣..?.##.#
#... ....# #
#... ....# .....
....# ......
....# ....r..
....# ####...
....#


You could see a rat (sleeping).

Vanquished Creatures
  A bat (D:1)
  A giant cockroach (D:1)
  5 goblins (D:1)
  3 hobgoblins (D:1)
  4 jackals (D:1)
  A kobold (D:1)
  A ball python (D:1)
  2 frilled lizards (D:1)
  6 rats (D:1)
24 creatures vanquished.

Notes
Turn   | Place    | Note
-------+----------+-------------------------------------------
     0 | D:1      | Delarado the Octopode Fighter began the quest for the Orb.
     0 | D:1      | Reached XP level 1. HP: 16/16 MP: 1/1
   156 | D:1      | Reached XP level 2. HP: 20/21 MP: 2/2
   615 | D:1      | Reached XP level 3. HP: 26/26 MP: 3/3
   843 | D:2      | Found a faded altar of an unknown god.
   849 | D:2      | Became a worshipper of Kikubaaqudgha
   849 | D:2      | Reached * piety under Kikubaaqudgha
   849 | D:2      | Identified Kikubaaqudgha's Papyrus of Darkness
                  | (Kikubaaqudgha gifted it to you on level 2 of the Dungeon)
   849 | D:2      | Received a gift from Kikubaaqudgha
   852 | D:2      | Quit the game

Levels and vault maps discovered:
D:1:      scummos_arrival_simple_crosswalls, layout_basic
D:2:      layout_basic, grunt_qazlal_clouds,
          chequers_ecumenical_altar_simple_redux, makhleb_blood_cavern_becter

Skill      XL: |  1  2 |
---------------+-------+-----
Unarmed Combat | 3 |  3.5
Fighting       | |  3.0
Dodging        | |  3.0
Shields        | |  3.0

Action                   || total
-------------------------++-------
Melee: Unarmed           ||    44
       Constrict         ||    14
       Tentacles         ||    11
Throw: Stone             ||     8
  Use: Scroll            ||     3
 Stab: Sleeping          ||     8
Dodge: Dodged            ||    10
Block: Shield            ||     8
